 Dungeon Crawl Stone Soup version 0.32-a0-132-g2d33c3cfaf (webtiles) character file.

Game seed: 1755600752754002342

42 jasper the Shooter (level 3, 1/20 HPs)
             Began as a Deep Elf Hunter on Feb 10, 2024.
             Quit the game on level 2 of the Dungeon.
             The game lasted 00:01:13 (740 turns).

jasper the Shooter (Deep Elf Hunter)                 Turns: 740, Time: 00:01:14

Health: 1/20       AC:  5    Str:  8    XL:     3   Next: 33%
Magic:  5/5        EV: 10    Int: 13    God:
Gold:   0          SH:  0    Dex: 20    Spells: 2/2 levels left

rFire   . . .        a - +0 shortbow
rCold   . . .        (shield currently unavailable)
rNeg    . . .        e - +0 ring mail
rPois   .            (no helmet)
rElec   .            (no cloak)
rCorr   .            (no gloves)
SInv    .            (no boots)
Will    +....        (no amulet)
Stlth   +            f - ring of willpower
HPRegen 0.23/turn    (no ring)
MPRegen 0.09/turn

%: no passive effects
@: lethally poisoned (1 -> -1)
A: no striking features
a: no special abilities


You were on level 2 of the Dungeon.
You visited 1 branch of the dungeon, and saw 2 of its levels.

Inventory:

Hand Weapons
 a - a +0 shortbow (weapon)
Armour
 c - a +0 leather armour
 e - a +0 ring mail (worn)
Jewellery
 d - a ring of ice
 f - a ring of willpower (left hand)
Scrolls
 g - a scroll of identify {unknown}
 h - a scroll of amnesia {unknown}


   Skills:
 - Level 1.5 Fighting
 + Level 6.9 Ranged Weapons
 - Level 2.4 Dodging
 - Level 1.2 Stealth


You had 2 spell levels left.
You didn't know any spells.
Your spell library contained the following spells:

 Spells                   Type           Power      Damage    Failure   Level
 Freeze                   Ice            0%         1d3       67%         1
 Frozen Ramparts          Ice            0%         1d1       96%         3
 Hailstorm                Conj/Ice       0%         3d5       96%         3


Dungeon Overview and Level Annotations

Branches:
Dungeon (2/15)

Altars:


Message History

You are poisoned.
You shoot an arrow. The arrow barely misses the kobold.
You feel sick.
A quokka comes into view.
Something hits you but does no damage.
You are more poisoned.
The orc barely misses you.
The kobold throws a stone.
You take 2 damage, and have 18/20 hp.
You feel very sick. The orc attacks as it pursues you!
The orc barely misses you.
You take 3 damage, and have 15/20 hp.
You feel very sick. The orc attacks as it pursues you!
The orc hits you with a +0 mace.
You take 6 damage, and have 9/20 hp.
MASSIVE DAMAGE!!
You shoot an arrow. The arrow hits the orc.
The orc is almost dead.
You feel sick. The orc hits you with a +0 mace.
* * * LOW HITPOINT WARNING * * *
You take 4 damage, and have 5/20 hp.
You aren't carrying any potions.
As you read the scroll of butterflies, it crumbles to dust.
You hear the flapping of tiny wings.
The kobold is knocked back by the sudden gust.
The orc is knocked back by the sudden gust.
* * * LOW HITPOINT WARNING * * *
You feel sick.
You take 2 damage, and have 3/20 hp.
You swap places.
* * * LOW HITPOINT WARNING * * *
You feel sick. The orc misses your butterfly.
The kobold completely misses your butterfly.
You take 1 damage, and have 2/20 hp.
You swap places.
* * * LOW HITPOINT WARNING * * *
You feel sick.
The kobold completely misses your butterfly.
You take 1 damage, and have 1/20 hp.
You swap places.
* * * LOW HITPOINT WARNING * * *
You feel sick.
Are you sure you want to abandon this character and quit the game? (Confirm with "yes".)

......... .........
... # #........ ...
... #.....# ..[#
#?<.#K###b# ...
#.obbb.b##b#
######.bbb.##
#####bbb..##? ###
#...@bbbbb... ..#
#.?..#bbbb#.####
#.. ..# #b#bb.b..#
#.# ###.#..##..#
####.# #...#...# .#
#....######.###.#.#
.. ....##<...#...#
#.#.. . ..
####..).## #.###.
###....# .# .#


There were no monsters in sight!

Vanquished Creatures
  An adder (D:2)
  A dart slug (D:1)
  An orc (D:2)
  3 endoplasms
  3 goblins
  A hobgoblin (D:2)
  3 quokkas (D:1)
  A ball python (D:1)
  2 bats (D:1)
  2 frilled lizards (D:1)
  9 kobolds (D:1)
  2 rats (D:1)
29 creatures vanquished.

Notes
Turn   | Place    | Note
-------+----------+-------------------------------------------
     0 | D:1      | jasper the Deep Elf Hunter began the quest for the Orb.
     0 | D:1      | Reached XP level 1. HP: 12/12 MP: 3/3
   185 | D:1      | Reached XP level 2. HP: 16/16 MP: 4/4
   191 | D:1      | Reached skill level 6 in Ranged Weapons
   651 | D:2      | Reached XP level 3. HP: 13/20 MP: 5/5
   738 | D:2      | HP: 1/20 [poisoned by an orc wizard]
   740 | D:2      | Quit the game

Illustrated notes

Levels and vault maps discovered:
D:1:      sevenhm_arrival_forest_fort_large_4, layout_rooms
D:2:      layout_rooms, chequers_ecumenical_altar_simple, uniq_sigmund,
          uniq_robin

Skill      XL: |  1  2 |
---------------+-------+-----
Ranged Weapons | 6 |  6.9
Fighting       | |  1.5
Dodging        | |  2.4
Stealth        | |  1.2

Action                     || total
---------------------------++-------
   Fire: Shortbow          ||    68
    Use: Scroll            ||     1
 Armour: Ring mail         ||    15
  Dodge: Dodged            ||    15

Table legend: (Time is in decaauts)
 A = Elapsed time spent in this place.
 B = Non-inter-level travel time spent in this place.
 C = Inter-level travel time spent in this place.
 D = Time resting spent in this place.
 E = Time spent auto-exploring this place.
 F = Levels seen in this place.
 G = Mean time per level.
                   A        B        C        D        E       F      G
               +--------+--------+--------+--------+--------+-----+--------+
         Total |    756 |    688 |     68 |      0 |    544 |   2 |  378.0 |
       Dungeon |    756 |    688 |     68 |      0 |    544 |   2 |  378.0 |
               +--------+--------+--------+--------+--------+-----+--------+

Top non-repeatable levels by time:
     D:1: 656 daAuts
     D:2: 100 daAuts
